 Dungeon Crawl Stone Soup version 0.16-a0-3154-g62f4276 (webtiles) character file.

53 arglypuff the Insei (level 3, 0/22 HPs)
             Began as a Lacertilian Transmuter on Sept 22, 2015.
             Slain by an ogre
             ... wielding a +0 giant club
              (9 damage)
             ... on level 3 of the Dungeon.
             The game lasted 00:02:38 (1789 turns).

arglypuff the Insei (Lacertilian Transmuter)        Turns: 1789, Time: 00:02:38

Health: 0/22       AC:  6    Str: 10    XL:     3   Next: 62%
Magic:  4/5        EV: 13    Int: 13    God:
Gold:   151        SH:  0    Dex: 14    Spells: 1 memorised, 4 levels left

rFire  . . .     SeeInvis .       - Unarmed
rCold  . . .     Clarity  .     c - +0 robe
rNeg   . . .     SustAb   .     (no shield)
rPois  .         Gourm    .     (no helmet)
rElec  .         Spirit   .     (no cloak)
rCorr  .         Warding  .     g - +0 pair of gloves
rMut   .         Stasis   .     (boots unavailable)
MR     .....                    (no amulet)
Stlth  +++.......               (no ring)
                                (no ring)

@: appendage (expiring), not resistant to hostile enchantments, fairly stealthy
A: strong connection with the divine, talons 3, slimy green scales 2, camouflage
1
a: End Transformation


You were on level 3 of the Dungeon.
You were not hungry.
You had grown temporary talons.
You visited 1 branch of the dungeon, and saw 3 of its levels.

You collected 151 gold pieces.

Inventory:

Missiles
 b - 72 arrows
Armour
 c - a +0 robe (worn)
 g - a +0 pair of gloves (worn)
Scrolls
 f - 4 scrolls of identify {unknown}
 h - 2 scrolls of enchant armour {unknown}
 i - a scroll of enchant weapon {unknown}
 j - 3 scrolls of remove curse {unknown}
 n - 4 scrolls of immolation {unknown}
 o - a scroll of magic mapping {unknown}
 q - a scroll of amnesia {unknown}
 r - a scroll of teleportation {unknown}
 s - a scroll of fear {unknown}
Potions
 e - 2 potions of curing {unknown}
 k - a potion of cure mutation {unknown}
 p - a potion of might {unknown}
 t - a potion of brilliance {unknown}
Books
 d - a book of Changes

   Spells                             Type                      Level
   a - Beastly Appendage              Transmutation                1
   b - Sticks to Snakes               Transmutation                2
   c - Spider Form                    Transmutation/Poison         3
   d - Ice Form                       Ice/Transmutation            4
   e - Blade Hands                    Transmutation                5
Comestibles
 a - 3 bread rations
 l - 6 fruits
 m - a meat ration


   Skills:
 * Level 0.8 Fighting
 + Level 2.7 Dodging
 + Level 0.6 Stealth
 + Level 3.2 Unarmed Combat
 + Level 1.7 Spellcasting
 + Level 2.2 Transmutations


You had 4 spell levels left.
You knew the following spells:

 Your Spells              Type           Power        Failure   Level  Hunger
a - Beastly Appendage     Trmt           #.....       12%         1    ##.....


Dungeon Overview and Level Annotations

Branches:
Dungeon (3/15)

Altars:
Ashenzari
Fedhas


Innate Abilities, Weirdness & Mutations

You have a strong connection with the divine.
You may change religions without suffering divine wrath.
You are mostly covered in slimy green scales (AC +3).
Your skin changes colour to match your surroundings (Stealth).
You have claws for feet.


Message History

An ogre is nearby!
An ogre is nearby!
Casting: Beastly Appendage
Confirm with . or Enter, or press ? or * to list all spells.
Your feet morph into talons.
The ogre shouts!
Your transformation is almost over.
The ogre closely misses you.
You hit the ogre. You claw the ogre.
The ogre is moderately wounded.
The ogre hits you with a giant club.
You hit the ogre. You claw the ogre.
The ogre is moderately wounded.
You hit the ogre. Your kick misses the ogre.
The ogre is heavily wounded.
The ogre barely misses you.
You hit the ogre.
The ogre is severely wounded.
The ogre hits you with a giant club!
You die...

#..#........#.###.# ...#
#..#.##...........# .#.#
#..#.##.#.#.#.#####
....# #..#.##.#...#.#
###### .#
#..#.##.#####.###.......
#..#.##.......#.?......#
..†#.##########........#
##.#.####### #.O......#
#.......... +.@......##
##[######### #..........
...# ### #..........
#### #.###..........
#............. #########
#.##........<# #.......#
#.#..........# #.......#
#.#.÷........# #.......#
#.#..........


You could see an ogre.

Vanquished Creatures
  An adder (D:3)
  A giant gecko (D:2)
  An ooze (D:2)
  A ball python (D:1)
  7 hobgoblins
  3 jackals (D:3)
  4 kobolds
  8 bats
  2 giant newts
  4 goblins
  A quokka (D:2)
  8 rats
41 creatures vanquished.

Notes
Turn   | Place    | Note
--------------------------------------------------------------
     0 | D:1      | arglypuff, the Lacertilian Transmuter, began the quest for the Orb.
     0 | D:1      | Reached XP level 1. HP: 12/12 MP: 2/2
   214 | D:1      | Reached XP level 2. HP: 18/18 MP: 1/3
   298 | D:1      | Reached skill level 3 in Unarmed Combat
  1021 | D:2      | Reached XP level 3. HP: 22/22 MP: 3/5
  1054 | D:2      | Found a shattered altar of Ashenzari.
  1112 | D:2      | Found a blossoming altar of Fedhas.
  1781 | D:3      | Noticed an ogre
  1789 | D:3      | Slain by an ogre

Action                   || total
-------------------------++-------
Melee: Unarmed           ||   147
 Cast: Beastly Appendage ||    26
 Stab: Sleeping          ||     5
  Eat: Chunk             ||     4
